 Dungeon Crawl Stone Soup version 0.29-a0-40-g8eb35efe60 (webtiles) character file.

Game seed: 1013355634819445560

791 HallandMoats the Skirmisher (level 7, -12/63 HPs)
             Began as a Ghoul Monk on Feb 2, 2022.
             Mangled by a two-headed ogre (27 damage)
             ... on level 5 of the Dungeon.
             The game lasted 00:09:06 (4651 turns).

HallandMoats the Skirmisher (Ghoul Monk)            Turns: 4651, Time: 00:09:07

Health: -12/63     AC: 13    Str: 17    XL:     7   Next: 88%
Magic:  8/8        EV: 11    Int:  5    God:
Gold:   619        SH:  5    Dex: 11    Spells: 6/6 levels left

rFire   . . .      SeeInvis .     - Unarmed
rCold   + + .      Faith    .   (no shield)
rNeg    + + +      Spirit   .   i - +4 ring mail {rC+}
rPois   ∞          Reflect  +   u - +2 helmet
rElec   .          Harm     .   m - +0 cloak
rCorr   +          Rampage  .   (no gloves)
Will    .....                   (no boots)
Stlth   +.........              s - amulet of reflection
HPRegen 0.00/turn               c - ring of resist corrosion
MPRegen 0.11/turn               r - ring of flight

@: flying, inhibited regen
A: claws 1, cold resistance 1, negative energy resistance 3, inhibited
regeneration, torment resistance 2
a: no special abilities


You were on level 5 of the Dungeon.
You visited 1 branch of the dungeon, and saw 5 of its levels.

You collected 619 gold pieces.

Inventory:

Hand Weapons
 h - a +1 spear of freezing
Armour
 i - a +4 ring mail of cold resistance (worn)
 m - a +0 cloak (worn)
 p - a +0 buckler
 u - a +2 helmet (worn)
Jewellery
 c - a ring of resist corrosion (left claw)
 r - a ring of flight (right claw)
 s - an amulet of reflection (around neck)
Wands
 j - a wand of polymorph (2)
Scrolls
 d - 2 scrolls of amnesia
 g - 2 scrolls of identify
 l - 2 scrolls of immolation
 o - a scroll of holy word {unknown}
 t - a scroll of summoning {unknown}
Potions
 a - 2 potions of resistance {unknown}
 b - a potion of attraction {unknown}
 e - a potion of cancellation {unknown}
 f - 2 potions of mutation {unknown}
 k - a potion of might {unknown}
 n - a potion of heal wounds {unknown}
 q - a potion of lignification {unknown}
 v - a potion of curing {unknown}


   Skills:
 * Level 6.0 Fighting
 + Level 2.5 Armour
 + Level 3.9 Dodging
 - Level 2.1 Stealth
 * Level 5.9 Unarmed Combat
 + Level 3.2 Invocations


You had 6 spell levels left.
You didn't know any spells.
Your spell library was empty.

Dungeon Overview and Level Annotations

Branches:
Dungeon (5/15)
 Temple: D:4-7

Altars:
Yredelemnul


Innate Abilities, Weirdness & Mutations

You thrive by killing the living.
You are immune to poison.
You have sharp fingernails.
Your flesh is cold resistant. (rC+)
You are immune to negative energy. (rN+++)
You do not regenerate when monsters are visible.
You are immune to unholy pain and torment.


Message History

The howler monkey is moderately wounded.
The howler monkey hits you but does no damage.
You closely miss the howler monkey.
The howler monkey is moderately wounded.
The howler monkey barely misses you.
You scratch the howler monkey.
The howler monkey is severely wounded.
The howler monkey completely misses you.
A two-headed ogre comes into view. It is wielding two +0 giant clubs.
The howler monkey hits you but does no damage.
You scratch the howler monkey. You claw the howler monkey.
You kill the howler monkey!
You see here a howler monkey corpse.
You block the two-headed ogre's attack.
The two-headed ogre hits you with a +0 giant club.
You scratch the two-headed ogre.
The two-headed ogre is lightly wounded.
You claw the two-headed ogre!
The two-headed ogre is moderately wounded.
The two-headed ogre hits you with a +0 giant club!!
The two-headed ogre barely misses you.
You barely miss the two-headed ogre.
The two-headed ogre is moderately wounded.
The two-headed ogre hits you with a +0 giant club! x2
* * * LOW HITPOINT WARNING * * *
You are too injured to fight recklessly!
You are too injured to fight recklessly!
You are too injured to fight recklessly!
You are too injured to fight recklessly!
You are too injured to fight recklessly!
You are too injured to fight recklessly!
You are too injured to fight recklessly!
You see here a howler monkey corpse.
Okay, then.
Okay, then.
Things that are here:
a +0 giant club; an ogre corpse
There is a stone staircase leading up here.
The two-headed ogre hits you with a +0 giant club!!
You die...

#....###...######.....#
########...##.....#####
#......#.....#
#......#.....#
#......#...>.#
#......#.....#
#......#.....#
#..O...#.....#
#..@...#.....#
########'###+#.....#
#..............#####
#..............#
#..............#
#..............#
#..............#
################


You could see a two-headed ogre.

Vanquished Creatures
  Eustachio (D:4)
  2 ogres (D:5)
  A howler monkey (D:5)
  An orc priest (D:2)
  Crazy Yiuf (D:3)
  A hound (D:5)
  A centaur skeleton (D:5)
  Ijyb (D:4)
  Jessica (D:2)
  An orc wizard (D:1)
  2 scorpion zombies (D:4)
  A hound zombie (D:5)
  Robin (D:2)
  4 gnolls
  2 adders
  A river rat (D:4)
  3 adder zombies (D:4)
  3 worms
  8 orcs
  4 ball pythons
  2 endoplasms
  4 giant cockroaches
  12 goblins
  8 hobgoblins
  9 jackals
  6 kobolds
  5 quokkas
  4 bats (D:2)
  A frilled lizard (D:3)
  9 rats
100 creatures vanquished.

Notes
Turn   | Place    | Note
-------+----------+-------------------------------------------
     0 | D:1      | HallandMoats the Ghoul Monk began the quest for the Orb.
     0 | D:1      | Reached XP level 1. HP: 19/19 MP: 0/0
    56 | D:1      | Reached XP level 2. HP: 16/26 MP: 1/1
   960 | D:1      | Reached XP level 3. HP: 33/33 MP: 2/2
  1259 | D:2      | Reached skill level 1 in Invocations
  1301 | D:2      | Reached skill level 4 in Fighting
  1301 | D:2      | Reached XP level 4. HP: 40/40 MP: 3/3
  1357 | D:2      | Noticed Jessica
  1386 | D:2      | Killed Jessica
  1387 | D:2      | Reached skill level 1 in Armour
  1755 | D:1      | Reached XP level 5. HP: 42/46 MP: 5/5
  1927 | D:2      | Found a faded altar of an unknown god.
  2451 | D:3      | Noticed Robin
  2499 | D:2      | Killed Robin
  2666 | D:3      | Identified the +0 hand crossbow of Pujos {elec, rF+ rC+
                  | Str+2 Dex+3}
  2695 | D:3      | Found a runed translucent door.
  2696 | D:3      | Noticed Crazy Yiuf
  2817 | D:3      | Identified a scroll of acquirement
  2817 | D:3      | Acquired 465 gold pieces
  2903 | D:3      | Killed Crazy Yiuf
  2904 | D:3      | Reached XP level 6. HP: 46/53 MP: 6/6
  3174 | D:4      | Reached skill level 5 in Fighting
  3215 | D:4      | Found a basalt altar of Yredelemnul.
  3244 | D:4      | Noticed Ijyb
  3251 | D:4      | Noticed Eustachio
  3280 | D:4      | Killed Ijyb
  3379 | D:4      | Killed Eustachio
  3380 | D:4      | Reached skill level 5 in Unarmed Combat
  3380 | D:4      | Reached XP level 7. HP: 56/61 MP: 6/8
  3581 | D:4      | You are sucked into a shaft and drop 1 floor!
  3581 | D:5      | Entered Level 5 of the Dungeon
  4454 | D:5      | Reached skill level 6 in Fighting
  4625 | D:5      | Noticed a two-headed ogre
  4651 | D:5      | Mangled by a two-headed ogre

Illustrated notes

Levels and vault maps discovered:
D:1:      lordsloth_arrival_two_stooges, layout_basic, minmay_heptomino_l4
D:2:      layout_loops_ring, ebering_ecumenical_altar_hall, minivault_23,
          feat_on_display, uniq_jessica
D:3:      layout_rooms, uniq_robin, uniq_crazy_yiuf_cottage
D:4:      layout_loops_ring, nicolae_yredelemnul_corpse_copse,
          gup_sewer_entry_spiral, serial_bayou_pond_b, uniq_ijyb, uniq_eustachio
D:5:      layout_gridville, minmay_misc_feat_rows

Skill      XL: |  1  2  3  4  5  6  7 |
---------------+----------------------+-----
Invocations    | 1 2 3 |  3.2
Fighting       | 4 5 6 |  6.0
Dodging        | 3 |  3.9
Unarmed Combat | 4 5 |  5.9
Armour         | 1 2 |  2.5
Stealth        | |  2.1

Action                   |  1- 3 |  4- 6 |  7- 9 || total
-------------------------+-------+-------+-------++-------
Melee: Unarmed           |    77 |   198 |   122 ||   397
       Punch             |     1 |     8 |     8 ||    17
  Use: Scroll            |       |     9 |       ||     9
 Stab: Sleeping          |     3 |     1 |     1 ||     5
       Distracted        |     1 |       |       ||     1
Armor: Ring mail         |    22 |   103 |    47 ||   172
       Robe              |     1 |       |       ||     1
Dodge: Dodged            |    27 |    96 |    66 ||   189
Block: Other             |       |    27 |    38 ||    65
       Reflection        |       |       |     1 ||     1

Table legend: (Time is in decaauts)
 A = Elapsed time spent in this place.
 B = Non-inter-level travel time spent in this place.
 C = Inter-level travel time spent in this place.
 D = Time resting spent in this place.
 E = Time spent auto-exploring this place.
 F = Levels seen in this place.
 G = Mean time per level.
                   A        B        C        D        E       F      G
               +--------+--------+--------+--------+--------+-----+--------+
         Total |   4628 |   4549 |     79 |    584 |   2961 |   5 |  925.6 |
       Dungeon |   4628 |   4549 |     79 |    584 |   2961 |   5 |  925.6 |
               +--------+--------+--------+--------+--------+-----+--------+

Top non-repeatable levels by time:
     D:1: 1351 daAuts
     D:4: 1077 daAuts
     D:2: 976 daAuts
     D:3: 698 daAuts
     D:5: 524 daAuts
